Map: Torches LE

Players

KimChiLoVer - Winner!

  • Race: Terran Terran
  • League: Diamond
  • Spawn Location: 1:00

VOD

Have the link to the VOD?

Description

Time

  • Played on: Aug. 30, 2025, 9:55 p.m.
  • Length: 10:04
Show
View Real Time Build Order
Export as new Build Order

KimChiLoVer Terran - Winner!

Build Orders: Reaper Expand 

Get SALT Encoding   

  12  0:02  SCV  
  12  0:14  SCV  
  12  0:18  Supply Depot  
  12  0:26  SCV  
  12  0:40  SCV  
  12  0:43  Barracks  
  12  0:47  Refinery  
  12  0:52  SCV  
  12  1:04  SCV  
  12  1:16  SCV  
  12  1:30  Reaper  
  12  1:31  Orbital Command  
  12  1:42  Command Center  
  12  1:54  Supply Depot  
  12  1:58  SCV  
  12  2:02  Marine  
  12  2:10  SCV  
  12  2:19  Factory  
  12  2:24  Barracks Reactor  
  12  2:26  SCV  
  12  2:42  SCV  
  12  2:43  Command Center  
  12  2:53  Orbital Command  
  12  2:54  SCV  
  12  3:07  Barracks  
  12  3:08  SCV  
  12  3:10  Barracks Tech Lab  
  12  3:11  Hellion  
  12  3:16  Hellion  
  12  3:22  SCV  
  12  3:30  Stimpack  
  12  3:32  Refinery  
  12  3:34  SCV x2  
  12  3:46  SCV  
  12  3:50  Marine  
  12  3:52  SCV  
  12  4:08  Starport, Factory Reactor  
  12  4:09  Marine x3  
  12  4:12  Orbital Command  
  12  4:14  Engineering Bay  
  12  4:15  SCV, Engineering Bay  
  12  4:16  SCV  
  12  4:23  Supply Depot  
  12  4:27  Marine x2  
  12  4:28  SCV  
  12  4:30  Marine  
  12  4:41  Terran Infantry Weapons Level 1  
  12  4:42  Terran Infantry Armor Level 1  
  12  4:51  SCV  
  12  4:53  Refinery  
  12  4:54  Refinery  
  12  4:55  Marine x2  
  12  5:00  Medivac  
  12  5:03  SCV  
  12  5:09  Marine  
  12  5:11  Factory Tech Lab  
  12  5:13  Marine  
  12  5:15  SCV  
  12  5:19  Medivac  
  12  5:25  SCV  
  12  5:27  SCV  
  12  5:33  Marine x3  
  12  5:37  SCV, Siege Tank  
  12  5:39  SCV, Orbital Command  
  12  5:41  Combat Shield  
  12  5:49  SCV  
  12  5:51  Marine  
  12  5:54  Barracks  
  12  5:57  Barracks  
  12  5:58  Barracks  
  12  6:06  Barracks  
  12  6:22  Supply Depot  
  12  6:24  Supply Depot  
  12  6:26  Supply Depot x2  
  12  6:32  Starport Reactor  
  12  6:40  SCV x2, Marine x3, Siege Tank  
  12  6:44  SCV  
  12  6:45  Marine x3  
  12  6:52  SCV x2  
  12  6:54  Marine x2  
  12  6:56  SCV  
  12  6:57  Barracks  
  12  6:58  Marine x3  
  12  7:04  Barracks, SCV x2  
  12  7:05  Barracks Reactor  
  12  7:06  Barracks Reactor  
  12  7:08  SCV, Barracks Reactor  
  12  7:12  Marine x2, Siege Tank  
  12  7:13  Supply Depot  
  12  7:14  Supply Depot  
  12  7:16  Marine x3  
  12  7:21  Medivac x2  
  12  7:29  SCV x3  
  12  7:30  Marine x2  
  12  7:33  Marine x3  
  12  7:41  SCV x2  
  12  7:43  Marine x5  
  12  7:47  Siege Tank  
  12  7:48  Marine x2  
  12  7:50  SCV  
  12  7:51  Marine x3  
  12  7:53  SCV  
  12  7:56  Supply Depot  
  12  7:57  Marine x2  
  12  7:58  Supply Depot  
  12  8:00  Marine  
  12  8:01  Marine  
  12  8:03  Barracks Reactor  
  12  8:08  Barracks Reactor  
  12  8:14  Supply Depot  
  12  8:17  Marine x4  
  12  8:20  Supply Depot  
  12  8:23  Siege Tank  
  12  8:24  Marine x6  
  12  8:25  Marine  
  12  8:26  Medivac  
  12  8:35  SCV x3, Medivac  
  12  8:45  Marine x4  
  12  8:46  Marine x7  
  12  9:00  Supply Depot  
  12  9:05  Supply Depot  
  12  9:06  Supply Depot  
  12  9:21  Marine x5  
  12  9:22  SCV x3  
  12  9:26  Marine x8  
  12  9:28  Marine x2, Siege Tank  
  12  9:30  Supply Depot  
  12  9:34  SCV x2  
  12  9:36  Supply Depot  
  12  9:39  Marine  
Tags
 
Add a new tag
Caveats
  • Supply blocks, unpowered buildings, or Contaminate may cause inaccurate times.
  • Supply counts are checked every 10 seconds.